 Dungeon Crawl Stone Soup version 0.30.0-29-ga12c61a403 (webtiles) character file.

Game seed: 12122453366570595960

462 qw the Trooper (level 7, -3/44 HPs)
             Began as a Gargoyle Fighter on June 3, 2023.
             Slain by a gnoll bouda
             ... wielding a +0 whip
              (10 damage)
             ... on level 5 of the Dungeon.
             The game lasted 00:01:26 (4164 turns).

qw the Trooper (Gargoyle Fighter)                   Turns: 4164, Time: 00:01:26

Health: -3/44      AC: 13    Str: 19 (21) XL:     7   Next: 7%
Magic:  7/7        EV:  9    Int:  7 (9)  God:
Gold:   295        SH:  4    Dex:  6 (9)  Spells: 6/6 levels left

rFire   . . .        Y - +0 war axe
rCold   . . .        c - +0 buckler
rNeg    + . .        b - +0 scale mail
rPois   inf          (no helmet)
rElec   +            (no cloak)
rCorr   .            g - +0 pair of gloves
SInv    .            e - +0 pair of boots
Will    .....        (no amulet) Stlth
                     (no ring)
HPRegen 0.27/turn    (no ring)
MPRegen 0.10/turn

%: no passive effects
@: no status effects
A: sickness immunity, AC +4, negative energy resistance 1, electricity
resistance, torment resistance 1, petrification resistance
a: no special abilities


You were on level 5 of the Dungeon.
You visited 1 branch of the dungeon, and saw 5 of its levels.

You collected 295 gold pieces.


Innate Abilities, Weirdness & Mutations

You are immune to sickness and miasma.
Your stone body is resilient. (AC +4)
You are immune to poison.
You resist negative energy. (rN+)
You are resistant to electric shocks. (rElec)
You are resistant to unholy torment.
You are immune to petrification.


   Skills:
 - Level 5.3 Fighting
 + Level 5.1 Axes
 - Level 1.2 Throwing
 - Level 3.2 Armour
 - Level 1.3 Dodging
 - Level 3.2 Shields


You had 6 spell levels left.
You didn't know any spells.
Your spell library was empty.

Inventory:

Hand Weapons
 m - a +0 mace
 Y - a +0 war axe (weapon)
Missiles
 k - 2 javelins (quivered)
Armour
 b - a +0 scale mail (worn)
 c - a +0 buckler (worn)
 e - a +0 pair of boots (worn)
 g - a +0 pair of gloves (worn)
Scrolls
 a - a scroll of identify
Potions
 d - 2 potions of might
 f - a potion of curing
 h - a potion of mutation
 i - a potion of lignification
 j - a potion of attraction
 l - a potion of haste
 n - a potion of brilliance {unknown}
 o - a potion of heal wounds {unknown}
 p - a potion of resistance
 q - a potion of invisibility {unknown}
 r - a potion of cancellation {unknown}

Dungeon Overview and Level Annotations

Branches:
Dungeon (5/15)
 Temple: D:4-7

Altars:
Makhleb
Trog
Xom


Message History

The boomerang barely misses you. The gnoll barely misses you.
The gnoll bouda hits you with a +0 whip.
The quokka bites you but does no damage.
The gnoll hits you from afar with a +0 spear.
The gnoll hits you with a +0 whip.
The gnoll throws a boomerang.
The boomerang hits you.
You barely miss the gnoll.
The gnoll is moderately wounded.
You hit the gnoll. You miss the quokka. You closely miss the gnoll bouda.
The quokka bites you but does no damage.
The gnoll barely misses you.
The gnoll bouda hits you but does no damage.
A gnoll bouda comes into view. It is wielding a +0 club.
The gnoll throws a stone.
The stone hits you.
The gnoll hits you but does no damage. x2; The gnoll closely misses you.
The quokka barely misses you.
The gnoll sergeant hits you from afar with a +0 spear.
The gnoll throws a stone.
You block the stone.
The gnoll bouda hits you with a +0 whip.
The gnoll bouda moves out of view.
You barely miss the gnoll.
The gnoll is almost dead.
The jackal barks!
You hit the gnoll bouda. You barely miss the gnoll. You slash the quokka!
You kill the quokka!
You block the gnoll's attack. The gnoll misses you.
The gnoll sergeant completely misses you.
The gnoll hits you with a +0 whip.
The gnoll bouda hits you with a +0 whip!
The gnoll throws a stone.
The stone hits you but does no damage.
The gnoll hits you from afar with a +0 spear.
You slash the gnoll!
You kill the gnoll!
You slash the gnoll!
You kill the gnoll!
You hit the gnoll bouda.
The gnoll throws a boomerang.
The boomerang misses you.
The gnoll sergeant hits you but does no damage.
The gnoll bouda hits you with a +0 whip!
You die...

#...## .
....###.~..~.# ..
#....##.~..~.#
...##....##.~..~.#
.<.......##g~h.~.#
.>.#.....# g~..~.#
.......<.## ~g.~.#
.....###..###.)###...
#.. #.....@%g..... #
##..8.)g.8....
................
..........###.(..
..........## ...
....#...... ..
#..###...... . ..#
#......#


You could see a gnoll sergeant (swift), a gnoll bouda, 3 gnolls and a jackal.

Vanquished Creatures
  Sigmund (D:4)
  A jelly (D:4)
  An orc priest (D:4)
  A hound (D:3)
  Ijyb (D:3)
  2 iguanas
  An orc wizard (D:4)
  6 adders
  2 gnolls (D:5)
  2 dart slugs
  5 orcs
  10 endoplasms
  A giant cockroach (D:3)
  3 goblins (D:2)
  8 hobgoblins
  4 quokkas
  7 ball pythons
  2 bats
  4 kobolds
  6 rats
68 creatures vanquished.

Notes
Turn   | Place    | Note
-------+----------+-------------------------------------------
     0 | D:1      | qw the Gargoyle Fighter began the quest for the Orb.
     0 | D:1      | Reached XP level 1. HP: 14/14 MP: 1/1
     0 | D:1      | 0 ||| qw: Version: 0.2-a-103-g5a998e5
     0 | D:1      | 0 ||| qw: Game counter: 1044
     0 | D:1      | 0 ||| qw: Always use a shield: true
     0 | D:1      | 0 ||| qw: God list: Okawaru
     0 | D:1      | 0 ||| qw: Allow faded altars: false
     0 | D:1      | 0 ||| qw: Do Orc after D:15 true
     0 | D:1      | 0 ||| qw: Do second Lair branch before Depths: true
     0 | D:1      | 0 ||| qw: Lair rune preference: random
     0 | D:1      | 0 ||| qw: Plans: Normal, Zot:1-4, Slime:5, God:TSO, Crypt,
                  | Tomb, Pan, Hells, Abyss, Win
     0 | D:1      | 0 ||| PLANNING D:1-11
   302 | D:1      | Reached XP level 2. HP: 19/19 MP: 2/2
   936 | D:1      | 936 ||| READING 4 scrolls labelled TIEKHYDWYU.
   937 | D:1      | 937 ||| READING scroll labelled DECKOZ RAO.
   938 | D:1      | 938 ||| READING scroll labelled XUEL RULAYN.
   939 | D:1      | 939 ||| READING 3 scrolls of identify.
   939 | D:1      | 939 ||| IDENTIFYING ruby potion
   940 | D:1      | 940 ||| READING 2 scrolls of identify.
   940 | D:1      | 940 ||| IDENTIFYING metallic yellow potion
   941 | D:1      | 941 ||| DROPPING potion of magic.
  1085 | D:2      | Reached skill level 3 in Axes
  1085 | D:2      | Reached XP level 3. HP: 23/23 MP: 3/3
  1097 | D:2      | 1097 ||| Stepping ~*~*~tactically~*~*~ (hiding).
  1350 | D:2      | 1350 ||| DROPPING +0 club.
  1417 | D:2      | Reached skill level 1 in Throwing
  1511 | D:2      | Reached XP level 4. HP: 28/28 MP: 4/4
  1782 | D:2      | 1782 ||| UPGRADING to +0 pair of boots.
  1787 | D:2      | 1787 ||| READING scroll labelled ELOREYKISU.
  1788 | D:2      | 1788 ||| READING scroll labelled COOGELU EFIOCOAF.
  1819 | D:3      | 1819 ||| STAIRDANCE
  1832 | D:3      | Found a shimmering altar of Xom.
  1878 | D:3      | HP: 3/28 [iguana (10)]
  2075 | D:3      | 2075 ||| Stepping ~*~*~tactically~*~*~ (stealth).
  2076 | D:3      | 2076 ||| Stepping ~*~*~tactically~*~*~ (stealth).
  2084 | D:3      | 2084 ||| Stepping ~*~*~tactically~*~*~ (stealth).
  2086 | D:3      | 2086 ||| Stepping ~*~*~tactically~*~*~ (stealth).
  2103 | D:3      | Noticed Ijyb
  2113 | D:3      | Killed Ijyb
  2114 | D:3      | Reached XP level 5. HP: 14/32 MP: 5/5
  2853 | D:3      | 2853 ||| READING scroll labelled PIENOA KORIO.
  2854 | D:3      | 2854 ||| DRINKING 2 murky silvery potions.
  2855 | D:3      | 2855 ||| DRINKING 2 yellow potions.
  2960 | D:3      | 2960 ||| DRINKING 2 green potions.
  2961 | D:3      | 2961 ||| DROPPING potion of berserk rage.
  3219 | D:4      | 3219 ||| READING scroll labelled BYNUOM VIUROUH.
  3243 | D:4      | 3243 ||| DRINKING 2 murky emerald potions.
  3269 | D:4      | 3269 ||| READING 2 scrolls of identify.
  3269 | D:4      | 3269 ||| IDENTIFYING fuming clear potion
  3273 | D:4      | 3273 ||| FLEEEEING.
  3274 | D:4      | 3274 ||| STAIRDANCE
  3484 | D:4      | 3484 ||| UPGRADING to +0 pair of gloves.
  3489 | D:4      | 3489 ||| READING 2 scrolls of identify.
  3489 | D:4      | 3489 ||| IDENTIFYING amethyst potion
  3496 | D:4      | 3496 ||| STAIRDANCE
  3531 | D:4      | Reached XP level 6. HP: 38/38 MP: 6/6
  3691 | D:4      | Noticed Sigmund
  3706 | D:4      | Killed Sigmund
  3740 | D:4      | 3740 ||| FLEEEEING.
  3741 | D:4      | 3741 ||| FLEEEEING.
  3742 | D:4      | 3742 ||| FLEEEEING.
  3787 | D:4      | Found a burning altar of Makhleb.
  3790 | D:4      | Found a bloodstained altar of Trog.
  3791 | D:4      | 3791 ||| Stepping ~*~*~tactically~*~*~ (hiding).
  3792 | D:4      | 3792 ||| Stepping ~*~*~tactically~*~*~ (hiding).
  3795 | D:4      | 3795 ||| Stepping ~*~*~tactically~*~*~ (hiding).
  3796 | D:4      | 3796 ||| Stepping ~*~*~tactically~*~*~ (hiding).
  3827 | D:4      | 3827 ||| Stepping ~*~*~tactically~*~*~ (stealth).
  3836 | D:4      | Reached skill level 1 in Dodging
  3836 | D:4      | Reached XP level 7. HP: 24/44 MP: 7/7
  3844 | D:4      | 3844 ||| FLEEEEING.
  3845 | D:4      | 3845 ||| FLEEEEING.
  3870 | D:4      | 3870 ||| FLEEEEING.
  3992 | D:4      | 3992 ||| READING scroll labelled LISCHI PAESTRO.
  4093 | D:4      | 4093 ||| READING scroll labelled JASCHE LUDDADULL.
  4094 | D:4      | 4094 ||| DRINKING 2 bubbling black potions.
  4095 | D:4      | 4095 ||| DROPPING potion of degeneration.
  4149 | D:5      | Entered Level 5 of the Dungeon
  4163 | D:5      | HP: 10/44 [gnoll bouda/+0 whip (7)]
  4164 | D:5      | Slain by a gnoll bouda

Levels and vault maps discovered:
D:1:      minmay_arrival_floating_metal, layout_basic
D:2:      layout_loops_ring
D:3:      layout_loops_corners, nicolae_overflow_hidden_temple, nicolae_titane,
          uniq_ijyb
D:4:      layout_basic, jmf_multi_god_temple, minmay_splitting_lines,
          kennysheep_generic_room_3, uniq_sigmund
D:5:      layout_cave_pools, temple_fountains, serial_gnoll_camp,
          gnoll_camp_medium_01, gnoll_camp_mini_house, gnoll_camp_mini_hut,
          gnoll_camp_medium_02, gnoll_camp_huts_moat, nicolae_shop_gadgets

Skill      XL: |  1  2  3  4  5  6 |
---------------+-------------------+-----
Axes           | 2 3 4 5 |  5.1
Throwing       | 1 |  1.2
Fighting       | 5 |  5.3
Dodging        | 1 |  1.3
Armour         | |  3.2
Shields        | |  3.2

Action                     |  1- 3 |  4- 6 |  7- 9 || total
---------------------------+-------+-------+-------++-------
  Melee: War axe           |    61 |    98 |    10 ||   169
  Throw: Javelin           |    15 |    31 |     2 ||    48
    Use: Scroll            |     5 |     6 |     2 ||    13
         Potion            |       |     4 |     1 ||     5
 Armour: Scale mail        |    28 |    53 |    13 ||    94
  Dodge: Dodged            |    24 |    28 |    13 ||    65
  Block: Buckler           |     7 |    23 |     4 ||    34

Table legend:
 A = Non-vault XP
 B = Vault XP
 C = Vault XP percentage of total XP
 D = Non-vault monster count
 E = Vault monster count
 F = Vault count percentage of total count
                 A         B        C        D         E       F
            +---------+---------+-------+---------+---------+-------
      Total |     436 |     252 |  36.6 |      63 |       5 |   7.4
            +---------+---------+-------+---------+---------+-------
        D:1 |      21 |       0 |   0.0 |      13 |       0 |   0.0
        D:2 |      92 |       0 |   0.0 |      18 |       0 |   0.0
        D:3 |      98 |      36 |  26.9 |      14 |       1 |   6.7
        D:4 |     195 |     216 |  52.6 |      15 |       4 |  21.1
        D:5 |      30 |       0 |   0.0 |       3 |       0 |   0.0
            +---------+---------+-------+---------+---------+-------
